 Dungeon Crawl Stone Soup version 0.32-a0-660-g97ce250973 (webtiles) character file.

Game seed: 7382426745587618603

338 Gargoyl the Chopper (level 6, -13/58 HPs)
             Began as a Gargoyle Berserker on Mar 9, 2024.
             Was a Believer of Trog.
             Mangled by an ogre
             ... wielding a +0 giant spiked club
              (23 damage)
             ... on level 4 of the Dungeon.
             The game lasted 00:04:36 (2052 turns).

Gargoyl the Chopper (Gargoyle Berserker)            Turns: 2052, Time: 00:04:37

Health: -13/58     AC: 23    Str: 26    XL:     6   Next: 55%
Magic:  6/6        EV:  2    Int:  8    God:    Trog [**....]
Gold:   169        SH:  0    Dex: 11    Spells: 5/5 levels left

rFire   . . .        a - +0 hand axe
rCold   . . .        (no shield)
rNeg    + . .        b - melded +1 animal skin
rPois   ∞            (helmet currently unavailable)
rElec   .            q - melded +1 cloak
rCorr   .            (gloves currently unavailable)
SInv    +            (boots currently unavailable)
Will    .....        (no amulet)
Stlth   ++           d - ring of see invisible
HPRegen 0.29/turn    h - +6 ring of strength
MPRegen 0.10/turn

%: no passive effects
@: tree-form, on berserk cooldown, slowed, very slow
A: stationary, stasis, torment immunity, boosted hp, sickness immunity, AC +4,
negative energy resistance 1, (electricity resistance), torment resistance 1,
petrification resistance
a: Renounce Religion, Berserk, Trog's Hand


You were on level 4 of the Dungeon.
You worshipped Trog.
Trog was pleased with you.
You were a tree.
You visited 1 branch of the dungeon, and saw 4 of its levels.

You collected 169 gold pieces.

Inventory:

Hand Weapons
 a - a +0 hand axe (weapon)
Armour
 b - a +1 animal skin (melded)
 q - a +1 cloak (melded)
Jewellery
 d - a ring of see invisible (left branch)
 h - a +6 ring of strength (right branch)
Scrolls
 f - a scroll of identify
 i - a scroll of poison
 k - a scroll of revelation
 p - a scroll of fear
Potions
 j - a potion of degeneration {unknown}
 l - a potion of enlightenment {unknown}
 o - a potion of berserk rage {unknown}


   Skills:
 + Level 4.6 Fighting
 + Level 4.7 Axes
 + Level 2.3 Armour
 + Level 3.1 Dodging
 + Level 1.4 Stealth


You had 5 spell levels left.
You didn't know any spells.
Your spell library was empty.

Dungeon Overview and Level Annotations

Branches:
Dungeon (4/15)
 Temple: D:4-7

Altars:
Makhleb


Innate Abilities, Weirdness & Mutations

You are a tree.
Your roots penetrate the ground, keeping you stationary.
You cannot be teleported.
You are immune to unholy pain and torment.
Your maximum health is greatly increased.
Your equipment is partially melded.
You are immune to sickness and miasma.
((Your stone body is resilient. (AC +4)))
You are immune to poison.
You resist negative energy. (rN+)
((You are resistant to electric shocks. (rElec)))
You are resistant to unholy torment.
You are immune to petrification.


Message History

Found an escape hatch in the ceiling.
The ogre misses you.
You see here 12 gold pieces.
Your skin crawls.
You feel strong-willed. The ogre closely misses you.
You completely miss the ogre. The ogre misses you.
You completely miss the ogre.
The ogre hits you with a +0 giant spiked club!
You slash the ogre!
The ogre is moderately wounded.
The ogre barely misses you.
You feel much better.
You feel the effects of Trog's Hand fading.
The ogre hits you with a +0 giant spiked club!
You turn into a tree.
Your +1 cloak melds into your body.
Your +1 animal skin melds into your body.
Your roots penetrate the ground.
The ogre hits you but does no damage.
Unknown command.
You hit the ogre.
The ogre is heavily wounded.
The ogre completely misses you.
You barely miss the ogre.
The ogre is heavily wounded.
The ogre hits you with a +0 giant spiked club.
You barely miss the ogre.
The ogre is heavily wounded.
Your skin stops crawling.
You feel less strong-willed.
The ogre hits you with a +0 giant spiked club!!
You hit the ogre.
The ogre is heavily wounded.
The ogre hits you with a +0 giant spiked club!
* * * LOW HITPOINT WARNING * * *
You slash the ogre!
The ogre is severely wounded.
The ogre hits you but does no damage.
You barely miss the ogre.
The ogre is severely wounded.
The ogre hits you with a +0 giant spiked club!!
You die...

###### ##.##.## #
#.. ...... .#
#...#####.##.##.#
.........).#.#.#
.....(....<...##
...............#
#...#####.##♣##.#
#.....<....O....#
....########.####
. #.# #.# #.# #.#
#.. ..#


You could see an ogre.

Vanquished Creatures
  A water moccasin (D:4)
  A phantom (D:3)
  A bombardier beetle (D:3)
  A gnoll (D:1)
  6 adders
  A dart slug (D:1)
  8 ball pythons
  7 endoplasms
  3 giant cockroaches
  4 goblins
  4 hobgoblins
  8 jackals
  4 bats
  7 frilled lizards (D:2)
  5 kobolds
  9 rats
70 creatures vanquished.

Notes
Turn   | Place    | Note
-------+----------+-------------------------------------------
     0 | D:1      | Gargoyl the Gargoyle Berserker began the quest for the Orb.
     0 | D:1      | Reached XP level 1. HP: 14/14 MP: 1/1
    78 | D:1      | Reached XP level 2. HP: 19/19 MP: 2/2
   232 | D:1      | Reached XP level 3. HP: 23/24 MP: 3/3
   754 | D:2      | Reached ** piety under Trog
   815 | D:2      | Found a faded altar of an unknown god.
   833 | D:2      | Reached XP level 4. HP: 29/29 MP: 4/4
  1465 | D:3      | Reached XP level 5. HP: 29/33 MP: 5/5
  1650 | D:3      | Noticed a phantom
  1663 | D:3      | Killed a phantom
  1664 | D:3      | Reached skill level 1 in Stealth
  1664 | D:3      | Reached XP level 6. HP: 12/39 MP: 6/6
  1778 | D:3      | Found a burning altar of Makhleb.
  2019 | D:4      | Noticed a water moccasin
  2031 | D:4      | Killed a water moccasin
  2052 | D:4      | Mangled by an ogre

Illustrated notes

Levels and vault maps discovered:
D:1:      sevenhm_arrival_forest_fort_large_4, layout_basic
D:2:      layout_rooms, chequers_ecumenical_altar_island, minmay_lizard_pond
D:3:      layout_basic, lightli_temple_of_fire
D:4:      cheibrodos_fertilizer, layout_loops_cross,
          mainiacjoe_overflow_six_doors_small

Skill      XL: |  1  2  3  4  5  6 |
---------------+-------------------+-----
Axes           | 3 4 |  4.7
Fighting       | 4 |  4.6
Dodging        | 2 3 |  3.1
Stealth        | 1 |  1.4
Armour         | |  2.3

Action                     |  1- 3 |  4- 6 || total
---------------------------+-------+-------++-------
  Melee: Hand axe          |    73 |   105 ||   178
 Invoke: Berserk           |     3 |     3 ||     6
         Trog's Hand       |       |     1 ||     1
    Use: Scroll            |       |    10 ||    10
         Potion            |       |     2 ||     2
 Armour: Animal skin       |    52 |    61 ||   113
         Skin              |       |     6 ||     6
  Dodge: Dodged            |    58 |    80 ||   138

Table legend: (Time is in decaauts)
 A = Elapsed time spent in this place.
 B = Non-inter-level travel time spent in this place.
 C = Inter-level travel time spent in this place.
 D = Time resting spent in this place.
 E = Time spent auto-exploring this place.
 F = Levels seen in this place.
 G = Mean time per level.
                   A        B        C        D        E       F      G
               +--------+--------+--------+--------+--------+-----+--------+
         Total |   2128 |   2019 |    109 |     52 |   1291 |   4 |  532.0 |
       Dungeon |   2128 |   2019 |    109 |     52 |   1291 |   4 |  532.0 |
               +--------+--------+--------+--------+--------+-----+--------+

Top non-repeatable levels by time:
     D:3: 779 daAuts
     D:1: 745 daAuts
     D:2: 565 daAuts
     D:4: 38 daAuts
